 Dungeon Crawl Stone Soup version 0.29.1-1-gd02db6906a (webtiles) character file.

Game seed: 3955957065886599072

55004 Icepheonix32 the Fighter (level 14, -15/133 HPs)
             Began as a Minotaur Fighter on Oct 5, 2022.
             Was a High Priest of Dithmenos.
             Demolished by a komodo dragon (52 damage)
             ... on level 5 of the Lair of Beasts.
             The game lasted 00:30:17 (19593 turns).

Icepheonix32 the Fighter (Minotaur Fighter)        Turns: 19593, Time: 00:30:17

Health: -15/133    AC:  7    Str: 29    XL:     14   Next: 36%
Magic:  7/10       EV:  2    Int:  5    God:    Dithmenos [*****.]
Gold:   700        SH:  0    Dex: 15    Spells: 13/13 levels left

rFire   . . .      SeeInvis .   q - +6 spear (vamp)
rCold   + . .      Faith    .   S - +3 kite shield
rNeg    . . .      Spirit   .   R - +0 robe of the Sacrificial Victim {+Blink MP-9 Str+8 Stlth+}
rPois   .          Reflect  +   (helmet restricted)
rElec   .          Harm     .   z - +1 cloak
rCorr   .          Rampage  .   P - +1 pair of gloves
Will    +....                   (no boots)
Stlth   ++++++....              G - amulet of reflection
HPRegen 0.32/turn               b - +4 ring of evasion
MPRegen 0.12/turn               I - +4 ring of evasion

@: sleeping, wreathed by umbra, studying Ranged Weapons
A: horns 2, retaliatory headbutt, thin skeletal structure 1, cold resistance 1,
weak 1
a: Renounce Religion, Evoke Blink, Shadow Step, Shadow Form


You were on level 5 of the Lair of Beasts.
You worshipped Dithmenos.
Dithmenos was extremely pleased with you.
You visited 3 branches of the dungeon, and saw 19 of its levels.
You also visited: Sewer.

You collected 860 gold pieces.
You spent 160 gold pieces at shops.

Inventory:

Hand Weapons
 a - a +2 mace of holy wrath
 l - a +1 spear of freezing
 q - a +6 vampiric spear (weapon)
 u - a +2 flail of draining
 F - a +4 halberd
 K - a +2 longbow of flaming
 T - a +6 war axe
Missiles
 n - 2 throwing nets (quivered)
 U - 4 silver javelins
Armour
 j - a +4 ring mail
 t - +0 acid dragon scales
 z - a +1 cloak (worn)
 A - +0 swamp dragon scales
 N - a +0 ring mail of positive energy
 P - a +1 pair of gloves (worn)
 R - the +0 robe of the Sacrificial Victim (worn) {+Blink MP-9 Str+8 Stlth+}
   (You found it on level 2 of the Lair of Beasts)

   Str:       It affects your strength (+8).
   MP:        It affects your magic capacity (-9).
   +Blink:    It lets you blink.
   Stlth:     It makes you more stealthy.
 S - a +3 kite shield (worn)
Jewellery
 b - a +4 ring of evasion (left hand)
 c - a ring of resist corrosion
 m - a +6 ring of dexterity
 p - a ring of see invisible
 G - an amulet of reflection (around neck)
 I - a +4 ring of evasion (right hand)
Wands
 i - a wand of acid (14)
 w - a wand of paralysis (2)
 E - a wand of flame (10)
 H - a wand of mindburst (10)
 J - a wand of polymorph (2)
 O - a wand of roots (10)
Scrolls
 e - 3 scrolls of summoning
 g - 3 scrolls of fear
 h - 9 scrolls of identify
 o - 6 scrolls of teleportation
 s - 4 scrolls of poison
 v - 2 scrolls of magic mapping
 y - 2 scrolls of enchant weapon
 M - 2 scrolls of blinking
 Q - a scroll of torment
Potions
 d - 2 potions of might
 f - 3 potions of haste
 k - 12 potions of curing
 r - 4 potions of invisibility
 x - 3 potions of attraction
 B - 7 potions of heal wounds
 C - 2 potions of lignification
 D - 3 potions of flight
 L - a potion of magic {unknown}


   Skills:
 * Level 14.8 Fighting
 - Level 7.6(11.3) Axes
 - Level 2.3(5.4) Maces & Flails
 + Level 12.7(13.6) Polearms
 + Level 9.5 Armour
 * Level 12.2 Dodging
 + Level 12.8 Shields
 * Level 8.6 Invocations
 + Level 1.2 Evocations


You had 13 spell levels left.
You didn't know any spells.
Your spell library contained the following spells:

 Spells                   Type           Power      Damage    Failure   Level
 Magic Dart               Conj           0%         1d3       71%         1
 Slow                     Hex            0%         N/A       71%         1
 Call Imp                 Summ           0%         N/A       83%         2
 Poisonous Vapours        Pois/Air       0%         N/A       83%         2
 Confusing Touch          Hex            0%         N/A       97%         3
 Gell's Gravitas          Tloc           0%         N/A       97%         3
 Mephitic Cloud           Conj/Pois/Air  0%         N/A       97%         3
 Portal Projectile        Hex/Tloc       0%         N/A       97%         3
 Stone Arrow              Conj/Erth      0%         3d7       97%         3
 Teleport Other           Tloc           0%         N/A       97%         3
 Tukima's Dance           Hex            0%         N/A       97%         3
 Vampiric Draining        Necr           0%         2d6       97%         3
 Animate Armour           Summ/Erth      0%         N/A       100%        4
 Corpse Rot               Necr/Pois/Air  0%         N/A       100%        4
 Summon Ice Beast         Ice/Summ       0%         N/A       100%        4
 Alistair's Intoxication  Tmut/Pois      0%         N/A       100%        5
 Blade Hands              Tmut           0%         N/A       100%        5
 Borgnjor's Vile Clutch   Necr/Erth      0%         N/A       100%        5
 Summon Mana Viper        Hex/Summ       0%         N/A       100%        5
 Dispersal                Tloc           0%         N/A       100%        6
 Eringya's Noxious Bog    Tmut/Pois      0%         N/A       100%        6
 Monstrous Menagerie      Summ           0%         N/A       100%        7
 Borgnjor's Revivificati  Necr           0%         N/A       100%        8
 Lehudib's Crystal Spear  Conj/Erth      0%         10d2      100%        8
 Necromutation            Tmut/Necr      0%         N/A       100%        8
 Death's Door             Necr           0%         N/A       100%        9


Dungeon Overview and Level Annotations

Branches:
Dungeon (13/15)            Temple (1/1) D:5            Lair (5/5) D:8
 Shoals (0/4) Lair:3       Spider (0/4) Lair:3        Slime (0/5) Lair:4
    Orc (0/2) D:10          Sewer (visited)
 Vaults: D:13-14

Altars:
Ashenzari
Cheibriados
Dithmenos
Elyvilon
Fedhas
Gozag
Hepliaklqana
Kikubaaqudgha
Makhleb
Nemelex Xobeh
Okawaru
Qazlal
Ru
Sif Muna
Trog
Uskayaw
Vehumet
Wu Jian
Xom
Yredelemnul
Zin
The Shining One

Shops:
D:1 =   D:7 *!

Annotations:
Lair:2 1 runed translucent door, SprigganGuy's ghost, journeyman SpHu
Lair:5 Rupert


Innate Abilities, Weirdness & Mutations

You have a pair of horns on your head.
You reflexively headbutt those who attack you in melee.
You have a somewhat thin skeletal structure. (Dex +2, Stealth+)
Your flesh is cold resistant. (rC+)
You are weak. (Str -2)


Message History

A yak comes into view.
The komodo dragon misses you.
Unknown command.
Unknown command.
The yak bellows!
The eight-headed hydra roars!
The dream sheep bleats!
You hit the komodo dragon.
The komodo dragon is lightly wounded.
You feel sick.
You hear a bellow! x3; You hear a roar!
You barely miss the komodo dragon. You headbutt the komodo dragon!
The komodo dragon is moderately wounded.
You feel sick. You block the komodo dragon's attack.
Unknown command.
The komodo dragon attacks as you move away!
You block the komodo dragon's attack.
You feel sick.
The dream sheep ruffle their wool and motes of dream dust sparkle, to no effect.
You feel sick.
You feel sick.
The komodo dragon attacks as you move away!
You block the komodo dragon's attack.
You feel sick.
The dream sheep shake their wool and sparkle.
You feel drowsy...
You fall asleep.
You feel sick. The komodo dragon bites you!!!!
You wake up.
Ouch! That really hurt!
You emit a cloud of dark smoke.
You hear a bleat! x2; You hear a bellow! x4; You hear a bleat!
You feel sick.
You are no longer poisoned.
Unknown command.
The komodo dragon attacks as you move away!
You block the komodo dragon's attack.
Unknown command.
Aiming: Shadow Step
Press: ? - help, Dir - move target, f - butterfly
Aim: a butterfly (umbra)
You step into the butterfly's shadow.
The dream sheep shakes its wool and sparkles.
You feel drowsy...
You fall asleep.
The komodo dragon bites you!!!
You die...

..............................#
..............................#
.............................##
§.............................#
§§............................#
§§§..........................##
§§............................#
.§§...........................#
.§§...........Yl@.............#
..............[..............##
.....................<.......P###
.............................P#.#
....♣..♣.....♣...♣♣......♣♣......
♣♣♣♣♣♣♣♣♣♣..♣♣♣♣♣♣♣♣♣..♣♣♣♣♣♣....
♣♣♣♣ ♣♣♣♣ ♣♣♣.. ♣♣♣


You could see a komodo dragon and a dream sheep.

Vanquished Creatures
  Kirke (Lair:5)
  A frost giant (D:11)
  Nessos (Lair:5)
  7 hydras
  A centaur warrior (D:12)
  4 two-headed ogres
  8 death yaks
  Urug (Lair:3)
  Amaemon (Lair:2)
  An orc knight (D:11)
  A manticore (D:11)
  2 ugly things
  2 cyclopes (D:11)
  A wolf spider (D:11)
  An oklob plant (Lair:3)
  13 elephants
  4 black mambas
  An orange demon (Lair:2)
  A cane toad (Lair:5)
  7 rime drakes
  2 unseen horrors
  12 komodo dragons
  Psyche (D:10)
  Maggie (D:7)
  2 polar bears
  5 trolls
  A hornet (D:7)
  16 blink frogs
  6 slime creatures (D:11)
  2 culicivoras (Lair:3)
  A spriggan (Lair:1)
  A shadow (D:11)
  2 wraiths
  Eustachio (D:4)
  6 wyverns
  29 yaks
  A vampire (D:11)
  3 steam dragons
  5 basilisks
  7 vampire mosquitoes (D:12)
  A warg (D:10)
  2 acid dragons
  13 water moccasins
  4 orc warriors
  An ice beast (D:7)
  2 sky beasts
  5 black bears
  3 ogres
  14 wolves
  14 centaurs
  A phantom (D:6)
  12 bullfrogs
  3 kobold brigands
  4 scorpions
  4 gnoll sergeants
  A necrophage (D:7)
  17 wights
  6 killer bees (D:9)
  6 howler monkeys
  An electric eel (D:9)
  6 hounds
  8 jellies
  8 orc priests
  A gnoll bouda (D:5)
  3 iguanas
  10 orc wizards
  A hell rat (Sewer)
  Robin (D:2)
  7 adders
  11 gnolls
  2 river rats (Sewer)
  A shadow imp (D:7)
  3 white imps
  2 worms
  A dart slug (D:4)
  32 orcs
  3 bats
  19 endoplasms
  6 giant cockroaches
  14 goblins
  8 hobgoblins
  14 kobolds
  9 quokkas
  5 ball pythons
  A frilled lizard (D:1)
  11 rats
  A spectral kobold (D:2)
465 creatures vanquished.

Vanquished Creatures (collateral kills)
  2 jackals (D:3)
2 creatures vanquished.

Vanquished Creatures (others)
  Erica (D:9)
  A manticore (D:13)
  4 humans (Lair:5)
  84 fungi
  55 plants
145 creatures vanquished.

Grand Total: 612 creatures vanquished

Notes
Turn   | Place    | Note
-------+----------+-------------------------------------------
     0 | D:1      | Icepheonix32 the Minotaur Fighter began the quest for the
                  | Orb.
     0 | D:1      | Reached XP level 1. HP: 19/19 MP: 0/0
   184 | D:1      | Found Xadupeec's Jewellery Shop.
   458 | D:1      | Reached XP level 2. HP: 27/27 MP: 1/1
   780 | D:2      | Reached skill level 4 in Fighting
   783 | D:2      | Reached XP level 3. HP: 28/33 MP: 2/2
  1077 | D:2      | Noticed Robin
  1090 | D:2      | Killed Robin
  1091 | D:2      | Reached XP level 4. HP: 26/40 MP: 3/3
  1301 | D:2      | Found a faded altar of an unknown god.
  1920 | D:3      | Reached XP level 5. HP: 46/47 MP: 4/4
  2009 | D:3      | Found a glowing drain.
  2038 | Sewer    | Entered a sewer
  2083 | Sewer    | Reached skill level 1 in Dodging
  2407 | D:3      | Found a basalt altar of Yredelemnul.
  2616 | D:3      | Gained mutation: Your flesh is cold resistant. (rC+)
                  | [potion of mutation]
  2616 | D:3      | Gained mutation: You have a somewhat thin skeletal
                  | structure. (Dex +2, Stealth+) [potion of mutation]
  2616 | D:3      | Gained mutation: You are weak. (Str -2) [potion of
                  | mutation]
  2729 | D:4      | Reached skill level 5 in Axes
  2729 | D:4      | Reached XP level 6. HP: 55/55 MP: 5/5
  2803 | D:4      | Noticed Eustachio
  2813 | D:4      | Killed Eustachio
  2814 | D:4      | Reached skill level 5 in Fighting
  3087 | D:4      | Reached XP level 7. HP: 60/62 MP: 6/6
  3701 | D:5      | Entered Level 5 of the Dungeon
  3709 | D:5      | Reached skill level 6 in Fighting
  3712 | D:5      | Reached skill level 5 in Shields
  3722 | D:5      | Reached skill level 5 in Armour
  3964 | D:5      | Found a radiant altar of Vehumet.
  3992 | D:5      | Reached XP level 8. HP: 57/71 MP: 7/7
  4218 | D:5      | Found a snail-covered altar of Cheibriados.
  4301 | D:5      | Found a staircase to the Ecumenical Temple.
  4454 | Temple   | Entered the Ecumenical Temple
  4575 | Temple   | Became a worshipper of Dithmenos the Shadowed
  4728 | D:6      | Reached skill level 7 in Fighting
  4742 | D:6      | Reached skill level 1 in Maces & Flails
  5155 | D:6      | Reached skill level 1 in Polearms
  5296 | D:6      | Reached XP level 9. HP: 81/81 MP: 8/8
  5304 | D:6      | Reached skill level 8 in Fighting
  5311 | D:6      | Reached * piety under Dithmenos
  5357 | D:6      | Reached skill level 5 in Polearms
  5471 | D:6      | Reached skill level 5 in Dodging
  5929 | D:7      | Noticed Maggie
  5946 | D:7      | Killed Maggie
  6039 | D:7      | Paralysed by a hornet for 1 turns
  6476 | D:7      | Found Niynewo's Mass Market.
  6501 | D:7      | Found an iron altar of Okawaru.
  6529 | D:7      | Reached skill level 9 in Fighting
  6550 | D:7      | Found an ornate altar of the Wu Jian Council.
  6599 | D:7      | Noticed a two-headed ogre
  6619 | D:7      | Killed a two-headed ogre
  6620 | D:7      | Reached XP level 10. HP: 66/91 MP: 9/9
  6835 | D:7      | Found Tohoaximm's Distillery.
  6843 | D:7      | Bought 2 potions of heal wounds for 100 gold pieces
  6843 | D:7      | Bought a potion of degeneration for 10 gold pieces
  6843 | D:7      | Bought a potion of heal wounds for 50 gold pieces
  7336 | D:8      | Reached ** piety under Dithmenos
  7593 | D:8      | Found a staircase to the Lair.
  7615 | D:8      | Reached skill level 10 in Fighting
  7615 | D:8      | Reached skill level 1 in Invocations
  8426 | D:9      | Noticed Erica
  8440 | D:9      | Killed Erica
  8868 | D:9      | Reached XP level 11. HP: 100/101 MP: 11/11
  8881 | D:9      | Reached *** piety under Dithmenos
  9284 | D:9      | Noticed a two-headed ogre
  9297 | D:9      | Killed a two-headed ogre
  9298 | D:9      | Reached skill level 11 in Fighting
  9555 | D:10     | Entered Level 10 of the Dungeon
  9573 | D:10     | Noticed Psyche
  9581 | D:10     | Killed Psyche
  9701 | D:10     | Found a staircase to the Orcish Mines.
  9858 | D:10     | Found an ancient bone altar of Kikubaaqudgha.
  9999 | D:10     | Reached skill level 10 in Polearms
 10088 | D:10     | Identified the +1 scale mail of Liberalism {+Blink Str+4}
 10518 | D:10     | Found a hide-covered altar of Uskayaw.
 10518 | D:10     | Found a stormy altar of Qazlal.
 10743 | D:11     | Noticed an eight-headed hydra
 10746 | D:11     | Noticed a green ugly thing
 10768 | D:11     | Killed a green ugly thing
 10814 | D:11     | Killed an eight-headed hydra
 11360 | D:11     | Noticed an orc knight
 11371 | D:11     | Killed an orc knight
 11374 | D:11     | Reached **** piety under Dithmenos
 11387 | D:11     | Reached skill level 12 in Fighting
 11392 | D:11     | Noticed a frost giant
 11392 | D:11     | Noticed a wolf spider
 11403 | D:11     | Killed a frost giant
 11404 | D:11     | Reached XP level 12. HP: 58/112 MP: 14/14
 11610 | D:11     | Noticed a two-headed ogre
 11636 | D:11     | Killed a two-headed ogre
 11637 | D:11     | Reached skill level 5 in Invocations
 11802 | D:11     | Noticed a six-headed hydra
 11813 | D:11     | Killed a six-headed hydra
 12308 | D:12     | Reached skill level 1 in Evocations
 12739 | D:12     | Noticed a centaur warrior
 12780 | D:12     | Killed a centaur warrior
 12781 | D:12     | Reached skill level 13 in Fighting
 13026 | D:12     | Reached ***** piety under Dithmenos
 13475 | D:13     | Noticed a two-headed ogre
 13481 | D:13     | Killed a two-headed ogre
 13482 | D:13     | Reached skill level 10 in Shields
 13651 | Lair:1   | Entered Level 1 of the Lair of Beasts
 13698 | Lair:1   | Noticed a death yak
 13699 | Lair:1   | Noticed a death yak
 13699 | Lair:1   | Noticed a death yak
 13700 | Lair:1   | Noticed a death yak
 13725 | Lair:1   | Killed a death yak
 13726 | Lair:1   | Reached skill level 10 in Dodging
 13731 | Lair:1   | Killed a death yak
 13735 | Lair:1   | Killed a death yak
 13736 | Lair:1   | Reached XP level 13. HP: 122/122 MP: 16/16
 14701 | Lair:2   | Found a runed translucent door.
 14705 | Lair:2   | Identified the +3 spear of Yggi {speed, rPois rC+ rCorr
                  | Int+4}
 14705 | Lair:2   | Noticed SprigganGuy's ghost (journeyman SpHu)
 15235 | Lair:2   | Noticed Amaemon
 15267 | Lair:2   | Killed Amaemon
 15372 | Lair:2   | Identified the +0 robe of the Sacrificial Victim {+Blink
                  | MP-9 Str+8 Stlth+}
 15735 | Lair:3   | Found a hole to the Spider Nest.
 15986 | Lair:3   | Noticed Urug
 16004 | Lair:3   | Killed Urug
 16038 | Lair:3   | Found a staircase to the Shoals.
 16140 | Lair:3   | Reached skill level 14 in Fighting
 17009 | Lair:4   | Found a staircase to the Slime Pits.
 17628 | Lair:4   | Reached XP level 14. HP: 130/133 MP: 9/18
 17646 | Lair:4   | Reached ****** piety under Dithmenos
 18241 | Lair:5   | Entered Level 5 of the Lair of Beasts
 18294 | Lair:5   | Noticed Kirke
 18318 | Lair:5   | Killed Kirke
 18324 | Lair:5   | Noticed Nessos
 18332 | Lair:5   | Noticed Rupert
 18560 | Lair:5   | Killed Nessos
 19593 | Lair:5   | Demolished by a komodo dragon

Illustrated notes

Levels and vault maps discovered:
D:1:      scummos_arrival_hexagon, layout_loops_cross, serial_shops,
          nicolae_square_shop
D:2:      layout_basic, dreamdust_ecumenical_altar_drowned_temple,
          kennysheep_generic_room_3, uniq_robin
D:3:      layout_basic, lemuel_round_altar, gup_sewer_entry_pipe
D:4:      layout_basic, uniq_eustachio
D:5:      layout_cave_pools, mainiacjoe_overflow_alcove_4, kennysheep_mini_moat,
          minmay_temple_entry_large_hall
D:6:      layout_basic, chequers_serial_rivers_micro_c, minmay_manual_mess
D:7:      layout_basic, minitemple, serial_shops, nicolae_shop_crystal,
          supply_closet_lemuel, grunt_ministairs_2, minmay_shop_mass,
          uniq_maggie
D:8:      layout_gridville, due_lair_maze_entry_diamond
D:9:      layout_loops_ring, kennysheep_path_1, uniq_erica
D:10:     kennysheep_steamy, layout_basic, mainiacjoe_overflow_catwalk,
          gammafunk_temple_overflow_pools, david_orc_3, uniq_psyche
D:11:     nzn_winding_woodlands_small [nzn_winding_woodlands_5x15_concentric,
          nzn_winding_woodlands_center_lodge,
          nzn_winding_woodlands_5x15_pathside_ponds], layout_basic,
          serial_co_window_serial, co_window_corner_a,
          co_window_of_opportunity_a, co_window_of_opportunity_a,
          co_window_cross_1, co_window_paths_a, co_window_paths_b,
          co_window_2corner, co_window_2corner, co_window_corner_b,
          co_window_of_opportunity_b, co_window_cross_3
D:12:     layout_basic
D:13:     layout_roguey, skrybe_vaults_entry_preservation, grunt_decor_junction
Temple:   jpeg_temple_clearing
Lair:1:   layout_regular_city, grunt_forest_large_clearing_hut,
          grunt_megastairs_2
Lair:2:   layout_regular_city, ebering_ghost_funeral_grove,
          chequers_serial_rivers_large_a, uniq_amaemon
Lair:3:   lemuel_slime, layout_concentric_octagons, elwin_shoals_entry_rocks,
          hellmonk_spider_entry_life_and_decay, beast_lair_carwin_4, uniq_urug
Lair:4:   layout_hall_layers, slime_entry_1
Lair:5:   evil_forest, layout_regular_city, amcnicky_mini_pool_medium,
          lemuel_fruit_fields, uniq_nessos, uniq_rupert, uniq_kirke

Skill      XL: |  1  2  3  4  5  6  7  8  9 10 11 12 13 14 |
---------------+-------------------------------------------+-----
Fighting       | 4 5 6 7 9 10 12 13 14 | 14.8
Shields        | 4 5 6 7 8 10 12 | 12.8
Axes           | 3 4 5 6 7 |  7.6
Armour         | 4 5 6 7 8 9 |  9.5
Dodging        | 1 2 3 6 7 8 10 11 12 | 12.2
Maces & Flails | 2 |  2.3
Polearms       | 3 7 9 10 12 | 12.7
Invocations    | 2 4 6 7 8 |  8.6
Evocations     | 1 |  1.2

Action                   |  1- 3 |  4- 6 |  7- 9 | 10-12 | 13-15 || total
-------------------------+-------+-------+-------+-------+-------++-------
Melee: War axe           |    60 |   145 |    51 |       |       ||   256
       Headbutt          |     5 |    21 |    42 |   238 |   224 ||   530
       Spear             |       |       |   228 |   967 |   819 ||  2014
       Flail             |       |       |    33 |       |       ||    33
Throw: Throwing net      |       |       |     1 |       |       ||     1
Invok: Shadow Step       |       |       |       |       |     1 ||     1
Evoke: Wand              |       |       |       |     5 |     3 ||     8
  Use: Scroll            |       |    10 |       |     6 |    11 ||    27
       Potion            |       |     4 |     4 |     3 |       ||    11
 Stab: Sleeping          |       |     1 |     5 |    10 |    13 ||    29
       Held in net/web   |       |       |     2 |       |       ||     2
       Distracted        |       |       |     1 |     2 |     5 ||     8
       Paralysed         |       |       |       |    15 |       ||    15
Armor: Scale mail        |    15 |       |       |       |       ||    15
       Ring mail         |    15 |    51 |    55 |   112 |    23 ||   256
       Skin              |       |       |    18 |       |       ||    18
       Robe              |       |       |       |       |    49 ||    49
Dodge: Dodged            |    34 |    75 |   100 |   395 |   372 ||   976
Block: Buckler           |    16 |    38 |    83 |   312 |    22 ||   471
       Reflection        |       |       |       |    14 |     3 ||    17
       Kite shield       |       |       |       |       |   556 ||   556
